 Dungeon Crawl Stone Soup version 0.19.1-1-g22dce08 (webtiles) character file.

82 Patate the Sneak (level 4, -4/21 HPs)
             Began as a Spriggan Enchanter on Jan 11, 2017.
             Slain by an orc wizard
             ... wielding a +0 dagger
              (6 damage)
             ... on level 3 of the Dungeon on Jan 15, 2017.
             The game lasted 00:07:48 (2335 turns).

Patate the Sneak (Spriggan Enchanter)               Turns: 2335, Time: 00:07:49

Health: -4/21      AC:  3    Str:  5    XL:     4   Next: 21%
Magic:  1/9        EV: 19    Int: 16    God:
Gold:   146        SH:  0    Dex: 16    Spells: 3 memorised, 2 levels left

rFire  . . .     SeeInvis +     k - +1 dagger (elec)
rCold  . . .     Gourm    .     b - +1 robe
rNeg   . . .     Faith    .     (shield restricted)
rPois  .         Spirit   .     (helmet restricted)
rElec  .         Reflect  .     (no cloak)
rCorr  .         Harm     .     (gloves unavailable)
MR     .....                    (boots unavailable)
Stlth  ++++......               (no amulet)
                                (no ring)
                                (no ring)

@: very slightly contaminated, very quick
A: unfitting armour, see invisible, herbivore 3, speed 3, slow metabolism 2
a: no special abilities


You were on level 3 of the Dungeon.
You were not hungry.

You visited 1 branch of the dungeon, and saw 3 of its levels.

You collected 146 gold pieces.

Inventory:

Hand Weapons
 k - a +1 dagger of electrocution (weapon)
Armour
 b - a +1 robe (worn)
Jewellery
 a - an uncursed amulet of harm {unknown}
Scrolls
 f - 5 scrolls of recharging {unknown}
 g - 2 scrolls of remove curse {unknown}
 i - 3 scrolls of identify {unknown}
 m - a scroll of fog {unknown}
 n - a scroll of teleportation {unknown}
 p - a scroll of blinking {unknown}
Potions
 e - a potion of agility {unknown}
 h - a potion of lignification {unknown}
 j - a potion of degeneration {unknown}
 l - a potion of haste {unknown}
 o - a potion of curing {unknown}
Books
 c - a book of Maledictions

   Spells                             Type                      Level
   a - Corona                         Hexes                        1
   b - Ensorcelled Hibernation        Hexes/Ice                    2
   c - Confuse                        Hexes                        3
   d - Tukima's Dance                 Hexes                        3
   e - Dazzling Spray                 Conjuration/Hexes            3
Comestibles
 d - a bread ration


   Skills:
 - Level 1.1 Short Blades
 - Level 4.3 Dodging
 * Level 7.0 Stealth
 - Level 2.6 Spellcasting
 - Level 3.6 Hexes


You had 2 spell levels left.
You knew the following spells:

 Your Spells              Type           Power        Failure   Level  Hunger
a - Corona                Hex            ##.....      6%          1    #......
b - Ensorcelled Hibernat  Hex/Ice        #.....       17%         2    ##.....
c - Confuse               Hex            ##......     14%         3    ###....


Dungeon Overview and Level Annotations

Branches:
Dungeon (3/15)

Altars:


Innate Abilities, Weirdness & Mutations

You are very small and have problems with some larger weapons.
You are too small for most types of armour.
You have supernaturally acute eyesight. (SInv)
You are a herbivore.
You cover ground extremely quickly.
You need consume almost no food.


Message History

You don't have enough magic to cast that spell.
Unknown command.
Okay, then.
Okay, then.
Casting: Ensorcelled Hibernation
Confirm with . or Enter, or press ? or * to list all spells.
Aiming: Ensorcelled Hibernation
Press: ? - help, Shift-Dir - straight line, f/p - orc wizard
Aim: an orc wizard, wielding a dagger and wearing a robe (lightly wounded, fast, chance to defeat MR: 38%)
The orc wizard resists with some effort.
The orc wizard barely misses you.
Casting: Ensorcelled Hibernation
Confirm with . or Enter, or press ? or * to list all spells.
You don't have enough magic to cast that spell.
The orc wizard gestures at you while chanting.
The magic dart hits you!
* * * LOW HITPOINT WARNING * * *
There is a stone staircase leading up here.
The orc wizard hits you with a dagger.
You die...

### #..........# # ##<.
#######..........####. #...
.....######.#..........#####.#...
####....#...##..#..###..##......†
# ####....##..##.......##.#.#.##
# ###.$.......##(.#.##..... .
#..#..................## .#
###....#................ ..#
##...##....o@..........#.
#.###....##.................#.
#.....#...#..................
#..........................#
......................>....#
...(.......................#
............##.....#......##
.)..........##########..#.#
............# ##...##


You could see an orc wizard.

Vanquished Creatures
  4 adders
  A dart slug (D:1)
  A leopard gecko (D:1)
  An orc (D:2)
  3 giant cockroaches
  3 goblins
  3 hobgoblins
  4 jackals (D:2)
  2 quokkas (D:3)
  2 ball pythons (D:1)
  8 bats
  6 frilled lizards
  2 kobolds
  4 rats
44 creatures vanquished.

Notes
Turn   | Place    | Note
-------+----------+-------------------------------------------
     0 | D:1      | Patate the Spriggan Enchanter began the quest for the Orb.
     0 | D:1      | Reached XP level 1. HP: 9/9 MP: 5/5
   475 | D:1      | Reached skill level 5 in Stealth
   509 | D:1      | Reached XP level 2. HP: 4/13 MP: 6/6
   714 | D:1      | Learned a level 2 spell: Ensorcelled Hibernation
  1250 | D:2      | Reached XP level 3. HP: 14/16 MP: 8/8
  1265 | D:2      | Reached skill level 6 in Stealth
  1881 | D:2      | Learned a level 3 spell: Confuse
  2161 | D:3      | Reached XP level 4. HP: 21/21 MP: 9/9
  2226 | D:3      | Reached skill level 7 in Stealth
  2335 | D:3      | Slain by an orc wizard

Skill      XL: |  1  2  3  4 |
---------------+-------------+-----
Stealth        | 5 6 7 |  7.0
Dodging        | 4 |  4.3
Short Blades   | |  1.1
Spellcasting   | |  2.6
Hexes          | |  3.6

Action                   |  1- 3 |  4- 6 || total
-------------------------+-------+-------++-------
Melee: Dagger            |   149 |    13 ||   162
 Cast: Ensorcelled Hiber |     6 |     2 ||     8
       Confuse           |       |     1 ||     1
 Stab: Sleeping          |    11 |     5 ||    16
       Distracted        |     1 |       ||     1
Armor: Robe              |    23 |       ||    23
Dodge: Dodged            |   155 |     5 ||   160
